 Dungeon Crawl Stone Soup version 0.27.0-1-g7a089689b8 (webtiles) character file.

Game seed: 11027657002278530941

77 ZARRMARR the Bolt Thrower (level 4, 0/27 HPs)
             Began as a Kobold Hunter on Aug 14, 2021.
             Slain by a sky beast (2 damage)
             ... on level 3 of the Dungeon.
             The game lasted 00:16:52 (3154 turns).

ZARRMARR the Bolt Thrower (Kobold Hunter)           Turns: 3154, Time: 00:16:53

Health: 0/27       AC:  4    Str:  9    XL:     4   Next: 58%
Magic:  4/4        EV: 14    Int: 12    God:
Gold:   74         SH:  0    Dex: 16    Spells: 3/3 levels left

rFire    . . .     SeeInvis .   g - +1 dagger (vamp)
rCold    . . .     Faith    .   (shield restricted)
rNeg     . . .     Spirit   .   c - +0 leather armour
rPois    .         Reflect  .   e - +0 helmet
rElec    .         Harm     .   (no cloak)
rCorr    .         Rampage  .   (no gloves)
Will     .....                  (no boots)
Stlth    +++.......             (no amulet)
HPRegen  0.09/turn              (no ring)
MPRegen  0.09/turn              (no ring)

@: no status effects
A: small, no large weapons, nightstalker 3
a: no special abilities


You were on level 3 of the Dungeon.
You visited 1 branch of the dungeon, and saw 3 of its levels.

You collected 74 gold pieces.

Inventory:

Hand Weapons
 a - a +1 hand crossbow
 g - a +1 vampiric dagger (weapon)
 h - a +1 dagger of venom
Missiles
 b - 4 poisoned darts (quivered)
 d - 45 bolts
Armour
 c - a +0 leather armour (worn)
 e - a +0 helmet (worn)
Potions
 i - a potion of resistance


   Skills:
 + Level 2.8 Fighting
 + Level 1.8 Short Blades
 + Level 5.5 Crossbows
 + Level 0.2 Throwing
 + Level 1.0 Armour
 + Level 2.6 Dodging
 + Level 2.0 Stealth


You had 3 spell levels left.
You didn't know any spells.
Your spell library contained the following spells:

 Spells                   Type           Power      Damage    Failure   Level
 Beastly Appendage        Tmut           0%         N/A       41%         1
 Foxfire                  Conj/Fire      0%         2x1d4     41%         1
 Pain                     Necr           0%         1d4       41%         1


Dungeon Overview and Level Annotations

Branches:
Dungeon (3/15)

Altars:


Innate Abilities, Weirdness & Mutations

You are small and have problems with some larger weapons.
You are completely attuned to the shadows.


Message History

The sky beast is moderately wounded.
The sky beast hits you but does no damage.
You hit the sky beast but do no damage.
The sky beast is moderately wounded.
You barely miss the sky beast.
The sky beast is moderately wounded.
The sky beast barely misses you.
You hit the sky beast but do no damage.
The sky beast is moderately wounded.
The sky beast hits you but does no damage.
You barely miss the sky beast.
The sky beast is moderately wounded.
The sky beast hits you but does no damage.
You barely miss the sky beast.
The sky beast is moderately wounded.
The sky beast barely misses you.
Your leather armour prevents you from hitting the sky beast.
The sky beast is moderately wounded.
The sky beast hits you. The sky beast shocks you.
You closely miss the sky beast.
The sky beast is moderately wounded.
The sky beast closely misses you.
You closely miss the sky beast.
The sky beast is moderately wounded.
The sky beast barely misses you.
You hit the sky beast but do no damage.
The sky beast is moderately wounded.
The sky beast flickers out of sight!
Deactivating autopickup; reactivate with Ctrl-A.
Something hits you. Something shocks you.
You miss something. Something hits you.
* * * LOW HITPOINT WARNING * * *
Something shocks you.
* * * LOW HITPOINT WARNING * * *
You closely miss something. You hit something. Something barely misses you.
You hit something.
A sky beast appears from thin air!
Reactivating autopickup.
The sky beast hits you.
You die...

#.# ##'## .. ##...##
#.#.##. ##.....##
#.#.##. .##<......##
##......
#((.........###......<
..+.........'.........
# #.Y.......###....##.
##.@.[...## #.#..##.
##.....## #.##..#.
##...## #.###.#. ##'##
#.###.#. #.# #.......
####.# #####.##
.....## #.# ###...##
#.# .......#### #.#


You could see a sky beast.

Vanquished Creatures
  An adder (D:2)
  A worm (D:2)
  A dart slug (D:1)
  8 endoplasms
  3 giant cockroaches
  5 goblins
  6 hobgoblins
  6 jackals
  2 quokkas (D:2)
  6 ball pythons
  4 bats
  A frilled lizard (D:2)
  5 kobolds (D:2)
  5 rats
54 creatures vanquished.

Notes
Turn   | Place    | Note
-------+----------+-------------------------------------------
     0 | D:1      | ZARRMARR the Kobold Hunter began the quest for the Orb.
     0 | D:1      | Reached XP level 1. HP: 12/12 MP: 1/1
    45 | D:1      | Reached skill level 5 in Crossbows
   192 | D:1      | Reached XP level 2. HP: 6/17 MP: 2/2
   903 | D:1      | Reached XP level 3. HP: 21/21 MP: 3/3
  1187 | D:1      | Reached skill level 1 in Short Blades
  1949 | D:2      | Reached XP level 4. HP: 27/27 MP: 4/4
  2608 | D:3      | Noticed a sky beast
  2902 | D:3      | Reached skill level 1 in Armour
  2989 | D:3      | Got First Steps in Hermeneutics
  3151 | D:3      | HP: 1/27 [something (6)]
  3154 | D:3      | Slain by a sky beast

Illustrated notes

Levels and vault maps discovered:
D:1:      dpeg_arrival_houses_and_road, layout_basic, st_stairs_10
D:2:      layout_rooms, hex_large, minmay_split_cup_large
D:3:      layout_loops_corners, serial_glass, glass_columns_a, glass_columns_a,
          grunt_decor_one_mirror, minmay_misc_feat_square, minivault_25,
          guppyfry_early_orc_mine

Skill      XL: |  1  2  3  4 |
---------------+-------------+-----
Crossbows      | 5 |  5.5
Short Blades   | 1 |  1.8
Stealth        | 2 |  2.0
Armour         | 1 |  1.0
Fighting       | |  2.8
Throwing       | |  0.2
Dodging        | |  2.6

Action                   |  1- 3 |  4- 6 || total
-------------------------+-------+-------++-------
Melee: Short sword       |    50 |       ||    50
       Dagger            |    88 |    85 ||   173
 Fire: Hand crossbow     |    21 |    13 ||    34
Throw: Dart              |     4 |     2 ||     6
  Use: Scroll            |     1 |     3 ||     4
 Stab: Sleeping          |     4 |     4 ||     8
       Distracted        |     1 |       ||     1
Armor: Leather armour    |    23 |    12 ||    35
Dodge: Dodged            |   106 |    42 ||   148
